 Dungeon Crawl Stone Soup version 0.28.0-53-g5a82cb258f (webtiles) character file.

Game seed: 16593755281562952600

217 rochcoach the Covered (level 5, -2/33 HPs)
             Began as a Gargoyle Fighter on June 17, 2022.
             Was an Initiate of Trog.
             Slain by a gnoll
             ... wielding a +0 spear
              (4 damage)
             ... on level 4 of the Dungeon.
             The game lasted 00:23:14 (4066 turns).

rochcoach the Covered (Gargoyle Fighter)            Turns: 4066, Time: 00:23:15

Health: -2/33      AC: 13    Str: 18 (19) XL:     5   Next: 94%
Magic:  5/5        EV:  7    Int:  9      God:    Trog [......]
Gold:   216        SH:  4    Dex:  8 (11) Spells: 4/4 levels left

rFire   . . .      SeeInvis .   a - +0 long sword
rCold   . . .      Faith    .   c - +0 buckler
rNeg    + . .      Spirit   .   u - +0 chain mail
rPois   ∞          Reflect  .   (no helmet)
rElec   +          Harm     .   (no cloak)
rCorr   .          Rampage  .   (no gloves)
Will    .....                   (no boots)
Stlth   ..........              (no amulet)
HPRegen 0.11/turn               k - ring of wizardry
MPRegen 0.09/turn               (no ring)

@: very slow
A: sickness immunity, AC +4, negative energy resistance 1, electricity
resistance, torment resistance 1, petrification resistance
a: Renounce Religion


You were on level 4 of the Dungeon.
You worshipped Trog.
Trog was noncommittal.
You visited 1 branch of the dungeon, and saw 4 of its levels.

You collected 216 gold pieces.

Inventory:

Hand Weapons
 a - a +0 long sword (weapon)
 e - a +0 trident
Missiles
 g - 6 javelins (quivered)
 i - 2 silver boomerangs
 q - 26 arrows
Armour
 b - a +0 scale mail
 c - a +0 buckler (worn)
 r - an orb of light
 u - a +0 chain mail (worn)
Jewellery
 k - a ring of wizardry (left hand)
Scrolls
 f - a scroll of noise {unknown}
 j - 2 scrolls of enchant armour {unknown}
 l - a scroll of teleportation {unknown}
 n - 2 scrolls of magic mapping {unknown}
 s - 5 scrolls of identify {unknown}
 x - a scroll of acquirement {unknown}
Potions
 d - a potion of might
 h - a potion of cancellation {unknown}
 m - a potion of degeneration {unknown}
 o - a potion of mutation {unknown}
 p - a potion of brilliance {unknown}
 t - a potion of heal wounds {unknown}
 v - a potion of attraction {unknown}
 w - a potion of curing {unknown}


   Skills:
 + Level 4.0 Fighting
 + Level 3.5 Long Blades
 + Level 4.5 Armour
 + Level 0.8 Dodging
 + Level 0.4 Stealth
 + Level 4.0 Shields


You had 4 spell levels left.
You didn't know any spells.
Your spell library contained the following spells:

 Spells                   Type           Power      Damage    Failure   Level
 Shock                    Conj/Air       0%         1d3       92%         1
 Swiftness                Air            0%         N/A       99%         3
 Airstrike                Air            0%         N/A       100%        4
 Iskenderun's Battlesphe  Conj           0%         2d6       100%        5
 Iron Shot                Conj/Erth      0%         9d1       100%        6
 Spellforged Servitor     Conj/Summ      0%         N/A       100%        7


Dungeon Overview and Level Annotations

Branches:
Dungeon (4/15)
 Temple: D:4-7

Altars:
Cheibriados
Nemelex Xobeh
Trog

Shops:
D:4 [?


Innate Abilities, Weirdness & Mutations

You are immune to sickness and miasma.
Your stone body is resilient. (AC +4)
You are immune to poison.
You resist negative energy. (rN+)
You are resistant to electric shocks. (rElec)
You are resistant to unholy torment.
You are immune to petrification.


Message History

The gnoll is almost dead.
The gnoll hits you with a +0 whip.
The gnoll hits you but does no damage. x2
You hit the gnoll.
You kill the gnoll!
Trog accepts your kill.
The gnoll hits you from afar with a +0 spear!
* * * LOW HITPOINT WARNING * * *
Okay, then.
You slash the bullfrog skeleton!
The bullfrog skeleton is moderately damaged.
The bullfrog skeleton hits you.
* * * LOW HITPOINT WARNING * * *
The gnoll hits you but does no damage. The bullfrog skeleton hits you.
* * * LOW HITPOINT WARNING * * *
The gnoll hits you but does no damage.
The bullfrog skeleton hits you but does no damage.
The gnoll hits you with a +0 spear.
* * * LOW HITPOINT WARNING * * *
The bullfrog skeleton hits you but does no damage.
You slash the gnoll!
The gnoll is heavily wounded.
The gnoll barely misses you.
The bullfrog skeleton hits you but does no damage.
You closely miss the gnoll.
The gnoll is heavily wounded.
The bullfrog skeleton barely misses you.
The gnoll barely misses you.
You block the bullfrog skeleton's attack.
The gnoll hits you but does no damage.
You closely miss the gnoll.
The gnoll is heavily wounded.
You block the bullfrog skeleton's attack.
The gnoll hits you with a +0 spear.
* * * LOW HITPOINT WARNING * * *
Unknown command.
You hit the gnoll.
The gnoll is heavily wounded.
You block the bullfrog skeleton's attack.
The gnoll hits you with a +0 spear.
You die...

...# #. . #..# #. . ..
#..###. #.. ...###..#..
#... ........#.# .#.#
......#)#.###.#.# #
#..........#.#
..#.####g#.##.##.# ##
.......#@#.......####
.#.
#....Z.####.......##..
...###.###≈≈≈..####.#.#
#...≈≈≈≈≈.####...#
###...∩≈≈.#....#.#
##≈≈≈≈≈.#.##...#
##≈≈≈#.#.##.#.###
#####...>..#....
#.######.#>#


You could see a gnoll and a bullfrog skeleton.

Vanquished Creatures
  A gnoll shaman (D:4)
  Jessica (D:2)
  Terence (D:3)
  A hound skeleton (D:4)
  5 adders
  A gnoll (D:4)
  A worm (D:2)
  An orc (D:3)
  8 endoplasms
  4 giant cockroaches
  7 goblins
  5 hobgoblins
  4 kobolds
  4 quokkas
  4 ball pythons
  9 bats
  5 frilled lizards
  5 rats (D:1)
67 creatures vanquished.

Notes
Turn   | Place    | Note
-------+----------+-------------------------------------------
     0 | D:1      | rochcoach the Gargoyle Fighter began the quest for the Orb.
     0 | D:1      | Reached XP level 1. HP: 14/14 MP: 1/1
   539 | D:1      | Reached XP level 2. HP: 5/19 MP: 2/2
  1539 | D:1      | Reached XP level 3. HP: 23/23 MP: 3/3
  2034 | D:2      | Found a faded altar of an unknown god.
  2074 | D:2      | Prayed at the altar of an unknown god.
  2074 | D:2      | Became a worshipper of Cheibriados the Contemplative
  2074 | D:2      | Reached * piety under Cheibriados
  2107 | D:2      | Reached XP level 4. HP: 21/29 MP: 4/4
  2309 | D:2      | Noticed Jessica
  2315 | D:2      | Killed Jessica
  2580 | D:3      | Reached XP level 5. HP: 15/33 MP: 5/5
  2958 | D:3      | Found a large runed translucent door.
  2959 | D:3      | Found a large runed translucent door.
  2986 | D:3      | Found a sparkling altar of Nemelex Xobeh.
  2996 | D:3      | Found a bloodstained altar of Trog.
  2998 | D:3      | Reached ** piety under Cheibriados
  3002 | D:3      | Fell from the grace of Cheibriados
  3002 | D:3      | Became a worshipper of Trog the Wrathful
  3550 | D:4      | Found Nynev's Armour Boutique.
  3652 | D:3      | Noticed Terence
  3665 | D:3      | Killed Terence
  3981 | D:4      | Found Zinib's Magic Scroll Emporium.
  4066 | D:4      | Slain by a gnoll

Illustrated notes

Levels and vault maps discovered:
D:1:      dpeg_arrival_water_fire, layout_basic, st_stairs_12,
          grunt_decor_resistance
D:2:      layout_basic, hellmonk_ecumenical_altar_lost_god, uniq_jessica
D:3:      layout_basic, jmf_multi_god_temple2, minmay_misc_feat_nine_boxes,
          minivault_25, minmay_fractal_squares_5, uniq_terence
D:4:      layout_loops_cross, serial_shops, nicolae_shop_trees,
          nicolae_square_shop, shop_statue, nicolae_shop_waterfront,
          minmay_starry_boxes

Skill      XL: |  1  2  3  4  5 |
---------------+----------------+-----
Long Blades    | 2 3 |  3.5
Armour         | 4 |  4.5
Fighting       | 4 |  4.0
Shields        | 4 |  4.0
Dodging        | |  0.8
Stealth        | |  0.4

Action                   |  1- 3 |  4- 6 || total
-------------------------+-------+-------++-------
Melee: Long sword        |   124 |   117 ||   241
Armor: Scale mail        |    95 |    51 ||   146
       Chain mail        |       |    35 ||    35
Dodge: Dodged            |    67 |    83 ||   150
Block: Buckler           |    28 |    29 ||    57
